Map: Backwater LE

Players

souL - Winner!

  • Race: Terran Terran
  • Spawn Location: 11:00

Krr

  • Race: Protoss Protoss
  • Spawn Location: 5:00

Event: IEM Season 12 - Katowice

VOD

Have the link to the VOD?

Description

Time

  • Played on: Feb. 26, 2018, 7:20 a.m.
  • Length: 14:21

All games in this series

Show
View Real Time Build Order
Export as new Build Order

souL Terran - Winner!

Build Orders: Gas First Reaper Expand, Reaper Expand, MMM Bio 

Get SALT Encoding   

  12  0:00  SCV  
  13  0:12  SCV  
  14  0:17  Supply Depot  
  14  0:24  SCV  
  15  0:30  Refinery  
  15  0:38  SCV  
  16  0:44  Barracks  
  16  0:50  SCV  
  17  1:02  SCV  
  18  1:16  SCV  
  19  1:31  Reaper, Orbital Command  
  20  1:44  Command Center  
  20  1:54  Factory  
  20  1:58  SCV  
  21  2:06  Barracks Reactor  
  21  2:10  SCV  
  21  2:12  Supply Depot  
  22  2:22  SCV  
  23  2:34  SCV  
  24  2:45  Hellion  
  24  2:46  SCV, Hellion  
  29  2:57  Orbital Command  
  29  2:58  SCV  
  29  2:59  Barracks Tech Lab, Refinery  
  30  3:10  SCV  
  31  3:13  Command Center  
  31  3:22  SCV  
  31  3:24  SCV, Barracks  
  33  3:31  Marine  
  34  3:34  SCV, Marine  
  34  3:36  SCV  
  32  3:41  Siege Tank  
  32  3:47  SCV, Bunker  
  36  3:48  SCV  
  36  3:52  Engineering Bay  
  37  3:56  Marine  
  37  3:59  SCV  
  37  4:00  Marine  
  37  4:01  SCV  
  41  4:11  SCV  
  41  4:12  Barracks  
  41  4:13  SCV, Barracks Tech Lab  
  43  4:17  Missile Turret  
  43  4:20  Siege Tank  
  46  4:25  SCV, Marine x2  
  46  4:28  Orbital Command  
  46  4:30  SCV  
  50  4:33  Stimpack  
  50  4:37  SCV  
  51  4:39  Supply Depot  
  51  4:46  Marine x2, Marauder  
  51  4:49  SCV  
  51  4:52  SCV  
  56  4:54  Siege Tank  
  56  4:59  SCV  
  60  5:01  Marine  
  60  5:04  Marine x2  
  60  5:07  Marine  
  56  5:19  Bunker  
  56  5:20  SCV  
  58  5:22  Marine x2  
  58  5:25  Marine  
  61  5:28  Starport  
  60  5:39  Marine  
  60  5:42  Marine, Marauder  
  58  5:44  Marine, Factory Reactor  
  58  5:46  Concussive Shells  
  55  5:57  Marine  
  55  5:59  Marine  
  55  6:02  Marine  
  55  6:03  Marine  
  49  6:15  Marine  
  49  6:17  SCV x2, Marine  
  49  6:18  Terran Infantry Weapons Level 1  
  52  6:20  Marauder  
  52  6:21  Marine  
  53  6:29  SCV  
  53  6:31  Medivac x2  
  58  6:33  SCV, Orbital Command, Marine  
  58  6:35  Marine  
  58  6:39  Marine, Combat Shields  
  62  6:41  Marine  
  63  6:47  SCV  
  63  6:51  Marine  
  63  6:52  Missile Turret  
  63  6:53  Marine  
  66  6:54  Factory Reactor  
  66  6:57  Marauder  
  66  6:59  SCV  
  69  7:23  Supply Depot  
  69  7:24  Marine  
  69  7:25  Supply Depot  
  69  7:26  SCV, Marine  
  69  7:27  Supply Depot x2, Marauder  
  69  7:28  SCV  
  68  7:36  Barracks  
  68  7:37  Orbital Command, Barracks  
  68  7:38  SCV  
  69  7:45  Marine x2, Medivac, Marauder  
  69  7:47  Widow Mine  
  69  7:48  Marauder  
  79  7:53  Widow Mine  
  77  8:03  Marine x2  
  78  8:06  Marine  
  78  8:08  Widow Mine  
  78  8:09  Marine  
  69  8:14  Widow Mine  
  40  8:43  Orbital Command  
  32  9:00  Command Center  
  32  9:02  Engineering Bay  
  28  9:21  Barracks Reactor  
  28  9:23  Barracks Tech Lab  
  30  9:33  Supply Depot  
  27  9:44  Supply Depot  
  27  10:11  Planetary Fortress  
  27  10:21  Barracks Tech Lab  
  27  10:22  Barracks Tech Lab  
  27  10:42  Marine x2  
  26  11:00  Marine x2  
  26  11:01  SCV  
  29  11:07  Supply Depot  
  29  11:14  Command Center  
  29  11:21  Bunker  
  29  11:25  Bunker  
  26  11:52  Bunker  
  25  12:11  Supply Depot  
  25  12:24  Supply Depot  
  25  12:30  Bunker  
  25  12:35  Supply Depot  
  24  12:45  SCV  
  25  12:57  SCV  
  24  13:26  SCV  
  25  13:32  Bunker  
  25  13:39  SCV  
  26  13:51  SCV  
  26  13:53  Marine  
Show
View Real Time Build Order
Export as new Build Order

Krr Protoss 

Build Orders: 1 Gate Expand, Blink Stalkers 

Get SALT Encoding   

  12  0:00  Probe  
  13  0:12  Probe  
  14  0:18  Pylon  
  14  0:25  Probe (Chrono Boost)  
  15  0:37  Probe (Chrono Boost)  
  15  0:39  Gateway  
  16  0:44  Probe (Chrono Boost)  
  16  0:46  Assimilator  
  17  0:51  Probe  
  18  1:03  Probe  
  19  1:15  Probe  
  20  1:23  Nexus  
  21  1:34  Cybernetics Core  
  21  1:35  Probe  
  21  1:40  Assimilator  
  21  1:48  Probe  
  22  1:55  Pylon  
  22  2:00  Probe  
  23  2:04  Stalker  
  23  2:07  Warp Gate (Chrono Boost)  
  23  2:13  Probe  
  26  2:23  Twilight Council  
  26  2:26  Probe (Chrono Boost)  
  27  2:33  Stalker  
  27  2:35  Probe (Chrono Boost)  
  30  2:43  Probe (Chrono Boost)  
  32  2:45  Probe (Chrono Boost)  
  32  2:50  Probe (Chrono Boost)  
  33  2:51  Probe  
  33  2:58  Blink (Chrono Boost)  
  34  3:01  Probe  
  35  3:06  Probe  
  35  3:10  Stalker  
  38  3:13  Probe  
  38  3:17  Gateway  
  39  3:21  Gateway  
  39  3:25  Shield Battery  
  39  3:28  Probe  
  36  3:45  Gateway  
  36  3:47  Gateway  
  36  3:52  Probe x2  
  38  4:04  Probe x2, Pylon, Stalker  
  42  4:14  Stalker  
  42  4:15  Stalker  
  46  4:19  Pylon  
  46  4:40  Stalker x2  
  46  4:41  Stalker x3  
  56  4:48  Pylon  
  44  5:14  Stalker  
  44  5:15  Stalker x4  
  54  5:22  Probe x2  
  56  5:34  Probe x2  
  58  5:40  Zealot x2, Stalker x3  
  60  5:46  Probe x2  
  62  6:02  Stalker x2  
  62  6:03  Zealot x3  
  70  6:09  Probe x2  
  64  6:20  Assimilator  
  64  6:21  Probe x2  
  64  6:23  Dark Shrine  
  64  6:24  Assimilator  
  64  6:33  Probe  
  64  6:34  Probe, Pylon  
  64  6:37  Charge (Chrono Boost)  
  66  6:43  Pylon  
  66  6:53  Zealot  
  66  6:54  Zealot x4  
  71  6:57  Probe x2  
  71  6:59  Pylon  
  73  7:15  Zealot  
  73  7:16  Zealot x4  
  73  7:21  Pylon  
  83  7:32  Pylon  
  83  7:36  Zealot x3  
  83  7:37  Zealot x2  
  91  7:42  Pylon  
  88  8:00  Dark Templar x2  
  87  8:15  Probe (Chrono Boost)  
  73  8:25  Probe (Chrono Boost)  
  51  9:13  Pylon  
  51  9:14  Pylon  
  49  9:56  Nexus  

Tags
 
Add a new tag
Caveats
  • Supply blocks, unpowered buildings, or Contaminate may cause inaccurate times.
  • Supply counts are checked every 10 seconds.